 Dungeon Sprint DCSS version 0.32-a0-433-g08bcfe7efd (webtiles) character file.

Game seed: 6348233344628203497

1486 rocky1 the Imperceptible (level 8, -13/58 HPs)
             Began as an Octopode Brigand on Feb 23, 2024.
             Was an Initiate of Gozag.
             Shot with an arrow by a centaur warrior (17 damage)
             ... in the Dungeon (Sprint I: "Red Sonja").
             The game lasted 00:02:19 (875 turns).

rocky1 the Imperceptible (Octopode Brigand)          Turns: 875, Time: 00:02:20

Health: -13/58     AC:  1    Str: 11    XL:     8   Next: 80%
Magic:  8/8        EV: 14    Int: 13    God:    Gozag
Gold:   906        SH:  0    Dex: 15    Spells: 7/7 levels left

rFire   . . .        k - +0 short sword (venom)
rCold   . . .        (no shield)
rNeg    . . .        (helmet restricted)
rPois   .            (no amulet)
rElec   .            (no ring)
rCorr   .            (no ring)
SInv    .            (no ring)
Will    .....        (no ring)
Stlth   +++++++++    (no ring)
HPRegen 0.29/turn    (no ring)
MPRegen 0.11/turn    (no ring)
                     (no ring)

%: no teleportation
@: no status effects
A: almost no armour, amphibious, 8 rings, camouflage 1, gelatinous body 1,
(nimble swimmer 1), tentacles
a: Renounce Religion, Potion Petition, Call Merchant, Bribe Branch


You were in the Dungeon.
You worshipped Gozag.
Gozag was pleased with you.
You visited 1 branch You collected 906 gold pieces.

Inventory:

Hand Weapons
 a - a +2 dagger
 k - a +0 short sword of venom (weapon)
Missiles
 b - 15 poisoned darts
 c - 5 curare-tipped darts (quivered)
Wands
 j - a wand of paralysis (6)
Potions
 d - 4 potions of curing
 f - a potion of haste
 g - 3 potions of magic
 h - a potion of berserk rage
 l - a potion of invisibility {unknown}


   Skills:
 + Level 6.6 Fighting
 + Level 6.3 Short Blades
 - Level 2.0 Throwing
 + Level 3.6 Dodging
 + Level 22.7 Stealth


You had 7 spell levels left.
You didn't know any spells.
Your spell library was empty.

Dungeon Overview and Level Annotations

Branches:
Dungeon (1/1)

Altars:
Cheibriados
Dithmenos
Elyvilon
Fedhas
Gozag
Hepliaklqana
Kikubaaqudgha
Nemelex Xobeh
Okawaru
Qazlal
Ru
Sif Muna
Trog
Uskayaw
Vehumet
Wu Jian
Yredelemnul
Zin
The Shining One

Shops:
D (*[


Innate Abilities, Weirdness & Mutations

You cannot wear most types of armour.
You are amphibious.
You can wear up to eight rings at the same time.
Your skin changes colour to match your surroundings (Stealth+).
Your rubbery body absorbs attacks. (AC +1, EV +1)
((You are camouflaged when in or above water. (Stealth+)))
You have tentacles for arms and can constrict up to eight enemies at once.


Message History

Found a leather armour.
Unknown command.
A centaur warrior comes into view.
Found 6 poisoned darts.
The centaur warrior moves out of view.
There is an open door here.
No target in view!
You enter the shallow water.
The centaur warrior shouts! x2
The centaur warrior hits you. The centaur warrior barely misses you.
The centaur warrior hits you.
The centaur warrior kicks you but does no damage.
The centaur warrior hits you! The centaur warrior kicks you.
Unknown command.
You enter the shallow water.
The centaur warrior wields a +0 shortbow of freezing.
It is covered in frost.
The centaur warrior shoots an arrow.
The arrow hits you! The arrow freezes you.
* * * LOW HITPOINT WARNING * * *
The centaur warrior hits you!
* * * LOW HITPOINT WARNING * * *
The centaur warrior kicks you.
* * * LOW HITPOINT WARNING * * *
You feel much better. The centaur warrior hits you.
* * * LOW HITPOINT WARNING * * *
The centaur warrior kicks you.
* * * LOW HITPOINT WARNING * * *
The centaur warrior shoots an arrow.
The arrow barely misses you. The centaur warrior hits you!
* * * LOW HITPOINT WARNING * * *
The centaur warrior kicks you.
* * * LOW HITPOINT WARNING * * *
Blink to where?
Press: ? - help, Dir - move target
As you read the scroll of blinking, it crumbles to dust.
You close the door.
Something unseen opens the door.
The centaur warrior wields a +0 orcbow.
The centaur warrior shoots an arrow.
The arrow hits you!
You die...
Your body crumbles into a pile of gold.

#..#####'#####'# ####
#..####..#...#.####[(#
#..#__####..##)#§§§§.#
#..#_____##'#_.+§§c§.+
#⌠⌠#_.∩..†'..._#~~c§c#
####_..__##_.#'##'####
#_____###'#[#(((.###
############.####c###.##
#∩........'...@.....'.∩#
###++++####...##########
###.### #.#'#.# #.....#
#.).[.# #######


You could see a centaur warrior.

Vanquished Creatures
  Sonja (D)
  A deep troll (D)
  Sigmund (D)
  A yak (D)
  An ogre (D)
  A jelly (D)
  Ijyb (D)
  A ballistomycete spore (D)
8 creatures vanquished.

Vanquished Creatures (others)
  A ballistomycete spore (D)
1 creature vanquished.

Grand Total: 9 creatures vanquished

Notes
Turn   | Place    | Note
-------+----------+-------------------------------------------
     0 | D        | rocky1 the Octopode Brigand began the quest for the Orb.
     0 | D        | Reached XP level 1. HP: 14/14 MP: 1/1
     2 | D        | Noticed Ijyb
    13 | D        | Killed Ijyb
    14 | D        | Reached skill level 9 in Stealth
    14 | D        | Reached XP level 2. HP: 5/20 MP: 2/2
    14 | D        | Reached XP level 3. HP: 6/25 MP: 3/3
   491 | D        | Noticed an ogre
   494 | D        | Killed an ogre
   495 | D        | Reached skill level 12 in Stealth
   495 | D        | Reached XP level 4. HP: 31/31 MP: 4/4
   606 | D        | Noticed Sigmund
   609 | D        | Killed Sigmund
   610 | D        | Reached skill level 15 in Stealth
   610 | D        | Reached XP level 5. HP: 38/38 MP: 5/5
   610 | D        | Reached XP level 6. HP: 44/44 MP: 6/6
   623 | D        | Found an ornate altar of the Wu Jian Council.
   623 | D        | Found a shimmering blue altar of Sif Muna.
   625 | D        | Found a radiant altar of Vehumet.
   662 | D        | Found Saurom's Assorted Antiques.
   662 | D        | Found an ancient bone altar of Kikubaaqudgha.
   662 | D        | Found a hazy altar of Hepliaklqana.
   662 | D        | Found a stormy altar of Qazlal.
   662 | D        | Found a hide-covered altar of Uskayaw.
   662 | D        | Found a blossoming altar of Fedhas.
   662 | D        | Found a bloodstained altar of Trog.
   662 | D        | Found an iron altar of Okawaru.
   662 | D        | Found a basalt altar of Yredelemnul.
   662 | D        | Found a glowing golden altar of the Shining One.
   662 | D        | Found a snail-covered altar of Cheibriados.
   662 | D        | Found a sacrificial altar of Ru.
   662 | D        | Found a glowing silver altar of Zin.
   662 | D        | Found a shadowy altar of Dithmenos.
   662 | D        | Found a white marble altar of Elyvilon.
   662 | D        | Noticed a yak
   663 | D        | Found an opulent altar of Gozag.
   664 | D        | Killed a yak
   665 | D        | Reached skill level 5 in Fighting
   665 | D        | Reached skill level 5 in Short Blades
   665 | D        | Reached skill level 17 in Stealth
   665 | D        | Reached XP level 7. HP: 50/50 MP: 7/7
   665 | D        | Found a sparkling altar of Nemelex Xobeh.
   670 | D        | Became a worshipper of Gozag Ym Sagoz the Greedy
   680 | D        | Noticed Sonja
   684 | D        | Killed Sonja
   685 | D        | Reached skill level 20 in Stealth
   685 | D        | Reached XP level 8. HP: 57/57 MP: 8/8
   704 | D        | Found Qive's Antique Weapon Boutique.
   822 | D        | Noticed a deep troll
   826 | D        | Killed a deep troll
   827 | D        | Reached skill level 22 in Stealth
   843 | D        | Found Hymmuvemm's Armour Emporium.
   866 | D        | Noticed a centaur warrior
   867 | D        | Noticed a centaur warrior
   875 | D        | Shot with an arrow by a centaur warrior

Illustrated notes

Levels and vault maps discovered:
D:        dungeon_sprint_1 [red_sonja_temple_1, red_sonja_temple_small_1]

Skill      XL: |  1  2  3  4  5  6  7  8 |
---------------+-------------------------+-----
Stealth        | 9 12 15 17 20 22 | 22.7
Fighting       | 3 4 5 6 |  6.6
Short Blades   | 3 4 5 6 |  6.3
Dodging        | 2 3 |  3.6
Throwing       | |  2.0

Action                     |  1- 3 |  4- 6 |  7- 9 || total
---------------------------+-------+-------+-------++-------
  Melee: Dagger            |     8 |     3 |     1 ||    12
         Tentacles         |     3 |       |       ||     3
         Constrict         |     1 |       |       ||     1
         Short sword       |       |       |     2 ||     2
  Throw: Dart              |     2 |       |       ||     2
    Use: Scroll            |       |       |     1 ||     1
         Potion            |       |       |     1 ||     1
   Stab: Sleeping          |     1 |     3 |     3 ||     7
 Armour: Skin              |     2 |       |    15 ||    17
  Dodge: Dodged            |     3 |       |     2 ||     5

Table legend: (Time is in decaauts)
 A = Elapsed time spent in this place.
 B = Non-inter-level travel time spent in this place.
 C = Inter-level travel time spent in this place.
 D = Time resting spent in this place.
 E = Time spent auto-exploring this place.
 F = Levels seen in this place.
 G = Mean time per level.
                   A        B        C        D        E       F      G
               +--------+--------+--------+--------+--------+-----+--------+
         Total |    871 |    871 |      0 |    627 |      0 |   1 |  871.0 |
       Dungeon |    871 |    871 |      0 |    627 |      0 |   1 |  871.0 |
               +--------+--------+--------+--------+--------+-----+--------+

Top non-repeatable levels by time:
       D: 871 daAuts
